 Dungeon Crawl Stone Soup version bcrawl-1.21.2-20-g6d45ba5942 (webtiles) character file.

Game seed: 4979696103728563602

2104 Freyura the Ruffian (level 9, -10/88 HPs)
             Began as a Troll Abyssal Knight on Feb 29, 2020.
             Was an Elder of Lugonu.
             Mangled by an orc warrior
             ... wielding a +0 battleaxe
              (13 damage)
             ... on level 6 of the Dungeon on Mar 1, 2020.
             The game lasted 00:14:19 (4088 turns).

Freyura the Ruffian (Troll Abyssal Knight)          Turns: 4088, Time: 00:14:19

Health: -10/88     AC:  8    Str: 22    XL:     9   Next: 7%
Magic:  0/12       EV: 10    Int:  9    God:    Lugonu [****..]
Gold:   412        SH:  0    Dex: 12    Spells: 8/8 levels left

rFire    . . .     SeeInvis +     - Unarmed
rCold    . . .     Gourm    +   (no shield)
rNeg     . . .     Faith    .   (armour unavailable)
rPois    .         Spirit   +   (helmet restricted)
rElec    +         Reflect  .   c - scarf {repulsion}
rCorr    .         Harm     .   (gloves unavailable)
MR       .....                  (boots unavailable)
Stlth    +.........             w - amulet of guardian spirit
HPRegen  0.64/turn              p - ring of insulation
MPRegen  0.13/turn              l - ring of see invisible

@: repel missiles
A: large, almost no armour, unfitting armour, claws 3, fast metabolism 3,
gourmand, regeneration 1, AC +8
a: Depart the Abyss, Bend Space, Banish, Corrupt, Renounce Religion


You were on level 6 of the Dungeon.
You worshipped Lugonu.
Lugonu was greatly pleased with you.
You were completely stuffed.

You visited 1 branch of the dungeon, and saw 6 of its levels.
You visited the Abyss 1 time.

You collected 412 gold pieces.

Inventory:

Missiles
 a - 10 tomahawks of dispersal (quivered)
 r - 902 stones
 t - 67 large rocks
 D - 48 tomahawks
Armour
 c - a scarf of repulsion (worn)
Jewellery
 h - an uncursed ring of protection from cold
 l - a ring of see invisible (right claw)
 n - an uncursed ring of flight
 p - a ring of insulation (left claw)
 w - an amulet of guardian spirit (around neck)
Wands
 m - a wand of scattershot (6)
Scrolls
 d - 2 scrolls of fog
 o - 3 scrolls of identify
 u - a scroll of silence {unknown}
 v - 4 scrolls of remove curse {unknown}
 x - a scroll of magic mapping {unknown}
 y - a scroll of summoning {unknown}
 A - a scroll of teleportation {unknown}
 B - a scroll of enchant weapon {unknown}
 C - a scroll of immolation {unknown}
Potions
 b - a potion of magic {unknown}
 f - a potion of lignification {unknown}
 g - 2 potions of heal wounds
 i - a potion of ambrosia {unknown}
 j - 5 potions of curing
 k - a potion of brilliance {unknown}
 q - a potion of haste {unknown}
 s - a potion of invisibility {unknown}
 z - a potion of berserk rage {unknown}
Comestibles
 e - 11 rations {!d}
 E - 4 chunks of flesh


   Skills:
 + Level 5.1 Fighting
 - Level 0.9 Throwing
 - Level 2.1 Dodging
 * Level 7.9 Unarmed Combat
 + Level 5.6 Invocations
 + Level 3.5 Evocations


You had 8 spell levels left.
You didn't know any spells.
Your spell library was empty.

Dungeon Overview and Level Annotations

Branches:
Dungeon (6/12)
 Temple: D:4-7

Altars:
Cheibriados
Kikubaaqudgha
Makhleb
Ru


Innate Abilities, Weirdness & Mutations

You cannot wear most types of armour.
Your thick skin is tough. (AC +8)
You are too large for most types of armour.
You have claws for hands.
Your metabolism is lightning-fast.
You like to eat raw meat.
Your natural rate of healing is unusually fast.


Message History

The orc shouts!
The orc warrior hits you with a +0 battleaxe!!
* * * LOW HITPOINT WARNING * * *
You claw the orc warrior! You claw the orc warrior.
The orc warrior is severely wounded.
The orc warrior blinks!
The orc throws a tomahawk.
The tomahawk is repelled.
The orc priest hits you with a +0 club.
* * * LOW HITPOINT WARNING * * *
You mangle the orc priest!!
You kill the orc priest!
Lugonu accepts your kill.
The orc warrior hits you with a +0 battleaxe!!
* * * LOW HITPOINT WARNING * * *
The orc throws a tomahawk.
The tomahawk misses you. The orc hits you but does no damage. x2
Things that are here:
a +0 club; a +0 chain mail You scratch the orc but do no damage.
The orc blinks!
The orc warrior hits you with a +0 battleaxe!
You die...

# ###..###..# .. ###
#...##.## ....
#######.#.#.># ..#.###
........#....# #........
............##
##........##.#..........###
..............o............
.#.......o...#######.#.....
.........§@...#####..#.###.
#.....####o#...........###.
#...÷.).......#..##.##..
#...#.))......#.#.###.##..
...#.....)._.......# #.#..
# #..#.##).(...##..# #....#
#.##.........###..##.....
#. #.#..####.# ##......#. #
...#### ### #.......


You could see an orc warrior and 2 orcs.

Vanquished Creatures
  A troll (D:5)
  A hippogriff (D:4)
  3 orc warriors
  A black bear (D:6)
  5 ogres
  A centaur (D:5)
  A bullfrog (D:6)
  A wyvern skeleton (D:6)
  A wight (D:5)
  A howler monkey (D:5)
  A centaur zombie (D:5)
  2 crimson imps
  2 hounds
  A bullfrog zombie (D:5)
  4 orc priests
  An orc wizard (D:5)
  An iguana (D:4)
  A worker ant (D:5)
  A killer bee zombie (D:6)
  A hound zombie (D:2)
  6 adders
  A shadow imp (D:6)
  3 oozes
  2 adder skeletons
  3 adder zombies (D:2)
  3 worms
  2 dart slugs (D:3)
  5 leopard geckos
  17 orcs
  A bat skeleton (D:2)
  3 giant cockroaches (D:1)
  4 goblins
  3 hobgoblins
  6 jackals
  9 kobolds
  3 quokkas
  A ball python (D:3)
  8 bats
  6 frilled lizards
  3 leopard gecko skeletons
  3 rats
123 creatures vanquished.

Notes
Turn   | Place    | Note
-------+----------+-------------------------------------------
     0 | Abyss:1  | Freyura the Troll Abyssal Knight began the quest for the
                  | Orb.
     0 | Abyss:1  | Reached XP level 1. HP: 22/22 MP: 1/1
     9 | Abyss:1  | Found an ornate altar of the Wu Jian Council.
    70 | Abyss:1  | Noticed a large abomination
    71 | D:1      | Escaped the Abyss
   202 | D:1      | Reached * piety under Lugonu
   308 | D:1      | Reached XP level 2. HP: 29/29 MP: 2/2
   889 | D:2      | Reached XP level 3. HP: 35/36 MP: 3/3
  1001 | D:2      | Reached skill level 3 in Unarmed Combat
  1066 | D:2      | Gained mutation: Your natural rate of healing is unusually
                  | fast. [Troll growth]
  1066 | D:2      | Reached XP level 4. HP: 45/45 MP: 4/4
  1106 | D:2      | Found a faded altar of an unknown god.
  1156 | D:2      | Found a sacrificial altar of Ru.
  1223 | D:2      | Reached ** piety under Lugonu
  1848 | D:3      | Found a snail-covered altar of Cheibriados.
  1964 | D:3      | Reached XP level 5. HP: 53/53 MP: 6/6
  2351 | D:4      | Found an ancient bone altar of Kikubaaqudgha.
  2463 | D:4      | Reached skill level 4 in Unarmed Combat
  2524 | D:4      | Noticed an orc warrior
  2536 | D:4      | Killed an orc warrior
  2536 | D:4      | Reached skill level 1 in Evocations
  2536 | D:4      | Reached XP level 6. HP: 15/61 MP: 7/7
  2838 | D:4      | Noticed a hippogriff
  2851 | D:4      | Killed a hippogriff
  2851 | D:4      | Reached skill level 5 in Unarmed Combat
  2851 | D:4      | Reached XP level 7. HP: 39/68 MP: 8/8
  2903 | D:4      | Found a burning altar of Makhleb.
  2994 | D:4      | Found a sand-covered staircase.
  3068 | D:5      | Entered Level 5 of the Dungeon
  3156 | D:5      | Reached *** piety under Lugonu
  3368 | D:5      | Reached skill level 6 in Unarmed Combat
  3464 | D:5      | Noticed a troll
  3477 | D:5      | Killed a troll
  3477 | D:5      | Reached XP level 8. HP: 49/79 MP: 4/10
  3610 | D:5      | Reached skill level 5 in Invocations
  3612 | D:5      | Reached skill level 7 in Unarmed Combat
  3907 | D:6      | Reached skill level 5 in Fighting
  4027 | D:6      | Found an ancient bone altar of Kikubaaqudgha.
  4055 | D:6      | Reached XP level 9. HP: 47/88 MP: 7/12
  4060 | D:6      | Reached **** piety under Lugonu
  4086 | D:6      | HP: 2/88 [orc warrior/+0 battleaxe (18)]
  4088 | D:6      | Mangled by an orc warrior

Skill      XL: |  1  2  3  4  5  6  7  8 |
---------------+-------------------------+-----
Dodging        | 2 |  2.1
Fighting       | 3 4 5 |  5.1
Unarmed Combat | 3 4 5 6 7 |  7.9
Invocations    | 3 4 5 |  5.6
Evocations     | 1 2 3 |  3.5
Throwing       | |  0.9

Action                   |  1- 3 |  4- 6 |  7- 9 || total
-------------------------+-------+-------+-------++-------
Melee: Unarmed           |   104 |   133 |   156 ||   393
       Punch             |     1 |     1 |     5 ||     7
Invok: Depart the Abyss  |     1 |       |       ||     1
  Use: Scroll            |       |     4 |     1 ||     5
  Eat: Chunk             |    12 |    11 |     8 ||    31
Armor: Skin              |    54 |    45 |    73 ||   172
Dodge: Dodged            |    77 |    52 |    90 ||   219
       Deflected         |     2 |     1 |     4 ||     7
